SL
D.C. DIVIDED @ SEATTLE AVIATORS
08/20/2033
 
TOP OF THE 1ST
D.C. Divided batting - Pitching for Seattle Aviators : RHP José Muńóz
Pitching: RHP José Muńóz
Batting: RHB Arturo Rodríguez 0-0: Fly out, F7 (Line Drive, 78M)
Batting: RHB José Torres 0-0: Ball
1-0: Ball
2-0: Ball
3-0: Base on Balls
Batting: LHB Yao-pang Chiang 0-0: Ball
1-0: SINGLE (Groundball, 34D)
José Torres to second
Runner from 2nd tries for 3rd, SAFE, no throw
Batting: RHB Wilbur Davis 0-0: Ball
1-0: Called Strike
1-1: Swinging Strike
1-2: Grounds into double play, 5-4-3 (Groundball, 5L)
Top of the 1st over - 0 runs, 1 hit, 0 errors, 1 left on base; D.C. 0 - Seattle 0
BOTTOM OF THE 1ST
Seattle Aviators batting - Pitching for D.C. Divided : RHP Manuel Delgadillo
Pitching: RHP Manuel Delgadillo
Batting: SHB Nuygen Vuong 0-0: Swinging Strike
0-1: Swinging Strike
0-2: Ball
1-2: Ball
2-2: Ball
3-2: Strikes out swinging
Batting: RHB Patrick Eggen 0-0: SINGLE (Groundball, 56D)
Batting: LHB Kenny Webster 0-0: Ball
1-0: Called Strike
1-1: Ball
2-1: Foul Ball, location: 2F
2-2: Grounds into double play, 4-6-3 (Groundball, 34)
Bottom of the 1st over - 0 runs, 1 hit, 0 errors, 0 left on base; D.C. 0 - Seattle 0
TOP OF THE 2ND
D.C. Divided batting - Pitching for Seattle Aviators : RHP José Muńóz
Batting: LHB Obidiah Lewis 0-0: Fly out, F9 (Line Drive, 9D)
Batting: RHB Tony Romero 0-0: Called Strike
0-1: Fly out, F4 (Popup, 4)
Batting: RHB Daryl Yandell 0-0: Ball
1-0: Called Strike
1-1: DOUBLE (Line Drive, 7D)
Batting: LHB Ryan Marken 0-0: Called Strike
0-1: Ground out 4-3 (Groundball, 4)
Top of the 2nd over - 0 runs, 1 hit, 0 errors, 1 left on base; D.C. 0 - Seattle 0
BOTTOM OF THE 2ND
Seattle Aviators batting - Pitching for D.C. Divided : RHP Manuel Delgadillo
Batting: LHB Yataro Kodo 0-0: Foul Ball, location: 2F
0-1: Ball
1-1: Ball
2-1: Swinging Strike
2-2: Foul Ball, location: 2F
2-2: Ball
3-2: SINGLE (Flyball, 89M)
Batting: RHB Lester Kwiatkowski 0-0: Fielders Choice at 2nd, 1-6 (Groundball, 13)
Batting: RHB Logan Namajunas 0-0: Foul Ball, location: 2F
0-1: Grounds into double play, 6-4-3 (Groundball, 6)
Bottom of the 2nd over - 0 runs, 1 hit, 0 errors, 0 left on base; D.C. 0 - Seattle 0
TOP OF THE 3RD
D.C. Divided batting - Pitching for Seattle Aviators : RHP José Muńóz
Batting: RHB Sherman N'Dir 0-0: Ball
1-0: Called Strike
1-1: Ball
2-1: Ball
3-1: Called Strike
3-2: Foul Ball, location: 2F
3-2: DOUBLE (Line Drive, 9D)
Batting: RHB Arturo Rodríguez 0-0: Called Strike
0-1: Called Strike
0-2: Ball
1-2: Ball
2-2: Ball
3-2: SINGLE (Groundball, 6MD)
Sherman N'Dir to third
Batting: RHB José Torres 0-0: Ball
1-0: Ball
2-0: Swinging Strike
2-1: Fielders Choice at 2nd, 1-4 (Groundball, 15S)
Batting: LHB Yao-pang Chiang Pickoff Throw to First - Out!
0-0: Called Strike
0-1: Fly out, F8 (Flyball, 8LM)
Top of the 3rd over - 0 runs, 2 hits, 0 errors, 1 left on base; D.C. 0 - Seattle 0
BOTTOM OF THE 3RD
Seattle Aviators batting - Pitching for D.C. Divided : RHP Manuel Delgadillo
Batting: RHB Wilfred McLaughlin 0-0: Ball
1-0: Ball
2-0: Foul Ball, location: 2F
2-1: Ball
3-1: Swinging Strike
3-2: Base on Balls
Batting: LHB Pedro Corona 0-0: Called Strike
0-1: Swinging Strike
0-2: Foul Ball, location: 2F
0-2: Strikes out looking
Batting: RHB Andrés López 0-0: Ball
1-0: SINGLE (Groundball, 56D)
Wilfred McLaughlin to second
Batting: SHB Nuygen Vuong 0-0: Foul Ball, location: 2F
0-1: Called Strike
0-2: Ball
1-2: Ball
2-2: Ball
3-2: Foul Ball, location: 2F
3-2: Foul Ball, location: 2F
3-2: Foul Ball, location: 2F
3-2: Foul Ball, location: 2F
3-2: Base on Balls
Wilfred McLaughlin to third
Andrés López to second
Batting: RHB Patrick Eggen 0-0: Ball
1-0: Foul Ball, location: 2F
1-1: Reached on error, E4 (Groundball, 4M)
Wilfred McLaughlin scores
Andrés López to third
Nuygen Vuong to second
Batting: LHB Kenny Webster 0-0: Ball
1-0: Called Strike
1-1: Foul Ball, location: 2F
1-2: Ball
2-2: Foul Ball, location: 2F
2-2: Ball
3-2: Base on Balls
Andrés López scores
Nuygen Vuong to third
Patrick Eggen to second
Batting: LHB Yataro Kodo 0-0: Foul Ball, location: 2F
0-1: Grounds into double play, 4-6-3 (Groundball, 4)
Bottom of the 3rd over - 2 runs, 1 hit, 1 error, 2 left on base; D.C. 0 - Seattle 2
TOP OF THE 4TH
D.C. Divided batting - Pitching for Seattle Aviators : RHP José Muńóz
Batting: RHB Wilbur Davis 0-0: Foul Ball, location: 2F
0-1: Ball
1-1: Foul Ball, location: 2F
1-2: Fly out, F6 (Popup, P)
Batting: LHB Obidiah Lewis 0-0: SINGLE (Groundball, 34D)
Batting: RHB Tony Romero 0-0: SINGLE (Line Drive, 89S)
Obidiah Lewis to second
Batting: RHB Daryl Yandell 0-0: Foul Ball, location: 2F
0-1: Swinging Strike
0-2: SINGLE (Line Drive, 6)
Obidiah Lewis to third
Tony Romero to second
Runner from 3rd tries for Home, SAFE, no throw
Batting: LHB Ryan Marken 0-0: SINGLE (Line Drive, 89M)
Tony Romero to third
Daryl Yandell to second
Batting: RHB Sherman N'Dir 0-0: Called Strike
0-1: Ball
1-1: Foul Ball, location: 2F
1-2: Ground out U3 (Groundball, 34S)
Tony Romero scores
Daryl Yandell to third
Ryan Marken to second
Batting: RHB Arturo Rodríguez 0-0: Ball
1-0: Ball
2-0: Called Strike
2-1: Foul Ball, location: 2F
2-2: 3-RUN HOME RUN (Flyball, 78XD), Distance : 394 ft
Batting: RHB José Torres 0-0: Called Strike
0-1: Called Strike
0-2: Ball
1-2: Foul Ball, location: 2F
1-2: Ball
2-2: Foul Ball, location: 2F
2-2: Foul Ball, location: 2F
2-2: Ground out 4-3 (Groundball, 4)
Top of the 4th over - 5 runs, 5 hits, 0 errors, 0 left on base; D.C. 5 - Seattle 2
BOTTOM OF THE 4TH
Seattle Aviators batting - Pitching for D.C. Divided : RHP Manuel Delgadillo
Batting: RHB Lester Kwiatkowski 0-0: Called Strike
0-1: Foul Ball, location: 2F
0-2: Ball
1-2: Strikes out looking
Batting: RHB Logan Namajunas 0-0: Foul Ball, location: 2F
0-1: Fly out, F7 (Flyball, 7LSF)
Batting: RHB Wilfred McLaughlin 0-0: Ball
1-0: Ball
2-0: SINGLE (Line Drive, 34)
Batting: LHB Pedro Corona 0-0: Called Strike
0-1: Ball
1-1: Called Strike
1-2: SINGLE (Line Drive, 34D)
Wilfred McLaughlin to second
Runner from 2nd tries for 3rd, SAFE, no throw
Batting: RHB Andrés López 0-0: Ball
1-0: Ball
2-0: Foul Ball, location: 2F
2-1: Foul Ball, location: 2F
2-2: Ball
3-2: Base on Balls
Pedro Corona to second
Batting: SHB Nuygen Vuong 0-0: Ball
1-0: Called Strike
1-1: Foul Ball, location: 2F
1-2: Fly out, F8 (Line Drive, 78D)
Bottom of the 4th over - 0 runs, 2 hits, 0 errors, 3 left on base; D.C. 5 - Seattle 2
TOP OF THE 5TH
D.C. Divided batting - Pitching for Seattle Aviators : RHP José Muńóz
Batting: LHB Yao-pang Chiang 0-0: Foul Ball, location: 2F
0-1: Ball
1-1: Called Strike
1-2: Ball
2-2: SOLO HOME RUN (Flyball, 78XD), Distance : 394 ft
Batting: RHB Wilbur Davis 0-0: Called Strike
0-1: Foul Ball, location: 2F
0-2: Ball
1-2: Foul Ball, location: 2F
1-2: Strikes out swinging
Batting: LHB Obidiah Lewis 0-0: Ball
1-0: Ball
2-0: Ball
3-0: Called Strike
3-1: Foul Ball, location: 2F
3-2: Foul Ball, location: 2F
3-2: SINGLE (Line Drive, 9LS)
Batting: RHB Tony Romero 0-0: Foul Ball, location: 2F
0-1: Ball
1-1: Ground out 6-3 (Groundball, 6MS)
Obidiah Lewis to second
Batting: RHB Daryl Yandell 0-0: Foul Ball, location: 2F
0-1: Ball
1-1: Fly out, F4 (Line Drive, 4)
Top of the 5th over - 1 run, 2 hits, 0 errors, 1 left on base; D.C. 6 - Seattle 2
BOTTOM OF THE 5TH
Seattle Aviators batting - Pitching for D.C. Divided : RHP Manuel Delgadillo
Batting: RHB Patrick Eggen 0-0: Called Strike
0-1: Ball
1-1: Called Strike
1-2: Strikes out swinging
Batting: LHB Kenny Webster 0-0: Swinging Strike
0-1: SOLO HOME RUN (Flyball, 7D), Distance : 360 ft
Batting: LHB Yataro Kodo 0-0: Called Strike
0-1: Called Strike
0-2: Fly out, F7 (Flyball, 7D)
Batting: RHB Lester Kwiatkowski 0-0: Fly out, F7 (Line Drive, 7)
Bottom of the 5th over - 1 run, 1 hit, 0 errors, 0 left on base; D.C. 6 - Seattle 3
TOP OF THE 6TH
D.C. Divided batting - Pitching for Seattle Aviators : RHP José Muńóz
Batting: LHB Ryan Marken 0-0: Ball
1-0: Called Strike
1-1: Ball
2-1: Ground out 1-3 (Groundball, P)
Batting: RHB Sherman N'Dir 0-0: Called Strike
0-1: Foul Ball, location: 2F
0-2: Ball
1-2: Foul Ball, location: 2F
1-2: Strikes out swinging
Batting: RHB Arturo Rodríguez 0-0: Ball
1-0: Foul Ball, location: 2F
1-1: Ball
2-1: Reached on error, E5 (Groundball, 5)
Pitching: RHP Zach Rediker
Batting: RHB José Torres 0-0: Foul Ball, location: 2F
0-1: Ball
1-1: Ball
2-1: Ball
3-1: SINGLE (Groundball, 4MD)
Arturo Rodríguez to second
Batting: LHB Yao-pang Chiang 0-0: Ball
1-0: Fielders Choice at 2nd, 6-4 (Groundball, 6)
Top of the 6th over - 0 runs, 1 hit, 1 error, 2 left on base; D.C. 6 - Seattle 3
BOTTOM OF THE 6TH
Seattle Aviators batting - Pitching for D.C. Divided : RHP Manuel Delgadillo
Batting: RHB Logan Namajunas 0-0: Foul Ball, location: 2F
0-1: Called Strike
0-2: Ball
1-2: Ball
2-2: Ball
3-2: Base on Balls
Batting: RHB Wilfred McLaughlin 0-0: Called Strike
0-1: Ball
1-1: Foul Ball, location: 2F
1-2: Strikes out swinging
Batting: LHB Pedro Corona 0-0: Ball
1-0: Ball
2-0: Foul Ball, location: 2F
2-1: Foul Ball, location: 2F
2-2: Fly out, F9 (Flyball, 9S)
Batting: RHB Andrés López 0-0: Called Strike
0-1: SINGLE (Line Drive, 9S)
Logan Namajunas to second
Pitching: RHP Baker Mayfield
Batting: SHB Nuygen Vuong 0-0: Foul Ball, location: 2F
0-1: Ball
1-1: Fielders Choice at 2nd, 6-4 (Groundball, 6)
Bottom of the 6th over - 0 runs, 1 hit, 0 errors, 2 left on base; D.C. 6 - Seattle 3
TOP OF THE 7TH
D.C. Divided batting - Pitching for Seattle Aviators : RHP Zach Rediker
Batting: RHB Wilbur Davis 0-0: Ball
1-0: Called Strike
1-1: Ground out 4-3 (Groundball, 34)
Batting: LHB Obidiah Lewis 0-0: Ball
1-0: Ball
2-0: Foul Ball, location: 2F
2-1: Fly out, F7 (Flyball, 78M)
Batting: RHB Tony Romero 0-0: Ground out 4-3 (Groundball, 4)
Top of the 7th over - 0 runs, 0 hits, 0 errors, 0 left on base; D.C. 6 - Seattle 3
BOTTOM OF THE 7TH
Seattle Aviators batting - Pitching for D.C. Divided : RHP Baker Mayfield
Batting: RHB Patrick Eggen 0-0: Ball
1-0: Called Strike
1-1: Ball
2-1: SINGLE (Groundball, 34D)
Batting: LHB Kenny Webster 0-0: Called Strike
0-1: Ball
1-1: 2-RUN HOME RUN (Line Drive, 9D), Distance : 364 ft
Pitching: RHP Brewster Warble
Batting: LHB Yataro Kodo 0-0: Called Strike
0-1: Foul Ball, location: 2F
0-2: Ball
1-2: Ball
2-2: Ball
3-2: Foul Ball, location: 2F
3-2: Strikes out swinging
Batting: RHB Lester Kwiatkowski 0-0: Ball
1-0: Swinging Strike
1-1: Foul Ball, location: 2F
1-2: Ball
2-2: Ball
3-2: Base on Balls
Batting: RHB Logan Namajunas 0-0: Ball
1-0: Ball
2-0: Swinging Strike
2-1: Foul Ball, location: 2F
2-2: Foul Ball, location: 2F
2-2: Strikes out swinging
Batting: RHB Wilfred McLaughlin 0-0: Called Strike
0-1: Ball
1-1: Ball
2-1: Ball
3-1: Base on Balls
Lester Kwiatkowski to second
Batting: LHB Pedro Corona 0-0: Ground out 4-3 (Groundball, 4D)
Bottom of the 7th over - 2 runs, 2 hits, 0 errors, 2 left on base; D.C. 6 - Seattle 5
TOP OF THE 8TH
D.C. Divided batting - Pitching for Seattle Aviators : RHP Zach Rediker
Batting: RHB Daryl Yandell 0-0: Called Strike
0-1: Called Strike
0-2: Ball
1-2: Strikes out swinging
Batting: LHB Ryan Marken 0-0: Ball
1-0: Ball
2-0: Ball
3-0: Base on Balls
Batting: RHB Sherman N'Dir 0-0: Swinging Strike
0-1: Ball
1-1: Foul Ball, location: 2F
1-2: Grounds into double play, 6-4-3 (Groundball, 6)
Top of the 8th over - 0 runs, 0 hits, 0 errors, 0 left on base; D.C. 6 - Seattle 5
BOTTOM OF THE 8TH
Seattle Aviators batting - Pitching for D.C. Divided : RHP Brewster Warble
Batting: RHB Andrés López 0-0: Ball
1-0: Swinging Strike
1-1: SINGLE (Groundball, 6MD)
Batting: SHB Nuygen Vuong 0-0: Sac Bunt - play at second, runner safe!
Batting: RHB Patrick Eggen 0-0: Bunted foul
0-1: Bunted foul
0-2: Ball
1-2: Ball
2-2: Ground out 5-3 (Groundball, 56)
Andrés López to third
Nuygen Vuong to second
Batting: LHB Kenny Webster 0-0: SINGLE (Groundball, 4D)
Andrés López scores
Nuygen Vuong to third
Runner from 3rd tries for Home, throw and OUT!
Batting: LHB Yataro Kodo 0-0: Ball
1-0: TRIPLE (Line Drive, 8LXD)
Kenny Webster scores
Batting: RHB Lester Kwiatkowski 0-0: Ball
1-0: Ball
2-0: Ball
3-0: Called Strike
3-1: Foul Ball, location: 2F
3-2: Foul Ball, location: 2F
3-2: Strikes out swinging
Bottom of the 8th over - 2 runs, 3 hits, 0 errors, 1 left on base; D.C. 6 - Seattle 7
TOP OF THE 9TH
D.C. Divided batting - Pitching for Seattle Aviators : RHP Zach Rediker
Pitching: LHP Holden Rosen Grupp
Now at C: Seon-keun Kim
Batting: RHB Arturo Rodríguez 0-0: Ball
1-0: Foul Ball, location: 2F
1-1: Foul Ball, location: 2F
1-2: Strikes out swinging
Batting: RHB José Torres 0-0: Ball
1-0: Fly out, F7 (Flyball, 7D)
Batting: LHB Yao-pang Chiang 0-0: Swinging Strike
0-1: Called Strike
0-2: Ball
1-2: Ground out 4-3 (Groundball, 34S)
Top of the 9th over - 0 runs, 0 hits, 0 errors, 0 left on base; D.C. 6 - Seattle 7
Saturday, December 22nd, 2018 - OOTP Baseball 18.8 Build 76